 Dungeon Crawl Stone Soup version 0.28-a0-724-g66f9036eb4 (webtiles) character file.

Game seed: 12237230346310604141

610 Ijustatesigmund the Covert (level 7, -8/60 HPs)
             Began as a Gnoll Delver on Oct 27, 2021.
             Was an Initiate of Cheibriados.
             Mangled by a hornet zombie (10 damage)
             ... on level 5 of the Dungeon.
             The game lasted 00:13:31 (6413 turns).

Ijustatesigmund the Covert (Gnoll Delver)           Turns: 6413, Time: 00:13:31

Health: -8/60      AC:  6    Str: 12    XL:     7   Next: 43%
Magic:  9/9        EV: 15    Int: 11    God:    Cheibriados [......]
Gold:   161        SH:  0    Dex: 16    Spells: 11/11 levels left

rFire   . . .      SeeInvis .   a - +0 hand axe
rCold   . . .      Faith    .   (no shield)
rNeg    . . .      Spirit   .   b - +0 scale mail
rPois   .          Reflect  .   (no helmet)
rElec   .          Harm     .   (no cloak)
rCorr   .          Rampage  .   (no gloves)
Will    .....                   (no boots)
Stlth   +++.......              (no amulet)
HPRegen 0.20/turn               h - +4 ring of evasion
MPRegen 0.11/turn               (no ring)

@: very slow
A: fangs 1, strong nose, distributed training, low mp 1, devolution 1
a: Renounce Religion, Bend Time


You were on level 5 of the Dungeon.
You worshipped Cheibriados.
Cheibriados was noncommittal.
You visited 2 branches of the dungeon, and saw 7 of its levels.

You collected 161 gold pieces.

Inventory:

Hand Weapons
 a - a +0 hand axe (weapon)
Missiles
 j - 24 poisoned darts (quivered)
Armour
 b - a +0 scale mail (worn)
Jewellery
 h - a +4 ring of evasion (left hand)
 i - a ring of flight
Wands
 g - a wand of digging (3)
Scrolls
 c - a scroll of fog
 d - a scroll of magic mapping
 e - 2 scrolls of amnesia
 l - a scroll of teleportation
Potions
 f - a potion of resistance
 k - a potion of attraction


   Skills:
 + Level 7.0 Fighting
 + Level 2.5 Short Blades
 + Level 2.5 Long Blades
 + Level 5.2 Axes
 + Level 2.5 Maces & Flails
 + Level 2.5 Polearms
 + Level 2.5 Staves
 + Level 2.5 Slings
 + Level 2.5 Bows
 + Level 2.5 Crossbows
 + Level 2.5 Throwing
 + Level 2.5 Armour
 + Level 5.2 Dodging
 + Level 9.9 Stealth
 + Level 2.5 Shields
 + Level 2.5 Unarmed Combat
 + Level 2.5 Spellcasting
 + Level 2.0 Conjurations
 + Level 2.0 Hexes
 + Level 2.0 Summonings
 + Level 2.0 Necromancy
 + Level 2.0 Translocations
 + Level 2.0 Transmutations
 + Level 2.0 Fire Magic
 + Level 2.0 Ice Magic
 + Level 2.0 Air Magic
 + Level 2.0 Earth Magic
 + Level 2.0 Poison Magic
 + Level 2.7 Invocations
 + Level 2.5 Evocations


You had 11 spell levels left.
You didn't know any spells.
Your spell library contained the following spells:

 Spells                   Type           Power      Damage    Failure   Level
 Conjure Flame            Conj/Fire      5%         6-21      87%         3
 Ignite Poison            Fire/Tmut/Pois 5%         N/A       87%         3
 Sticky Flame             Conj/Fire      5%         2d3       99%         4


Dungeon Overview and Level Annotations

Branches:
Dungeon (6/15)             Temple (1/1) D:4

Altars:
Ashenzari
Cheibriados
Dithmenos
Elyvilon
Fedhas
Gozag
Hepliaklqana
Kikubaaqudgha
Makhleb
Nemelex Xobeh
Okawaru
Qazlal
Ru
Sif Muna
Trog
Uskayaw
Vehumet
Wu Jian
Xom
Yredelemnul
Zin
The Shining One

Shops:
D:4 *

Annotations:
D:5 2 transporters, MacCMillion's ghost, novice DjVM


Innate Abilities, Weirdness & Mutations

You have very sharp teeth.
Your uncanny sense of smell can sniff out nearby items.
Your experience applies equally to all skills.
Your magical capacity is low. (-10% MP)
You have hidden genetic defects.


Message History

The hornet zombie hits you but does no damage.
You barely miss the hornet zombie.
The hornet zombie is severely damaged.
The hornet zombie hits you but does no damage.
You hit the hornet zombie.
The hornet zombie is severely damaged.
The hornet zombie closely misses you. The hornet zombie misses you.
You hit the hornet zombie but do no damage.
Your bite misses the hornet zombie.
The hornet zombie is severely damaged.
The hornet zombie completely misses you.
You hit the hornet zombie.
The hornet zombie is almost destroyed.
The hornet zombie hits you.
* * * LOW HITPOINT WARNING * * *
You barely miss the hornet zombie.
The hornet zombie is almost destroyed.
The hornet zombie hits you!
* * * LOW HITPOINT WARNING * * *
The hornet zombie closely misses you.
You completely miss the hornet zombie.
The hornet zombie is almost destroyed.
The hornet zombie hits you but does no damage.
You barely miss the hornet zombie.
The hornet zombie is almost destroyed.
The hornet zombie hits you.
* * * LOW HITPOINT WARNING * * *
You hit the hornet zombie but do no damage.
The hornet zombie is almost destroyed.
The hornet zombie closely misses you. x2
You barely miss the hornet zombie.
The hornet zombie is almost destroyed.
The hornet zombie hits you.
* * * LOW HITPOINT WARNING * * *
You hit the hornet zombie.
The hornet zombie is almost destroyed.
The hornet zombie hits you.
* * * LOW HITPOINT WARNING * * *
The hornet zombie hits you!
You die...

.#.. ..[ .# #..## .. ..#
.. #....## ..# ..###.
#...... ...# ##......###
....... ....##.... #....
....... .........# #...
##..##. #......Z.##
##..##...###
.......@..###...........
.....##...#..# #........
... ##....# #.....### .
#####..### #....##
#......## ##.##.##
#....#....# #.####.###
#.## ###..####.# ##.##.
##..##.####.....
##.##.....###..


You could see a hornet zombie.

Vanquished Creatures
  A black bear (D:2)
  2 scorpions
  A water moccasin skeleton (D:4)
  A bullfrog zombie (D:5)
  2 iguanas
  A howler monkey zombie (D:5)
  8 gnolls
  6 adders
  A howler monkey skeleton (D:4)
  2 ufetubi
  A worm (D:2)
  5 dart slugs
  3 orcs
  7 bats
  6 endoplasms
  A giant cockroach (D:1)
  9 goblins
  8 hobgoblins
  5 jackals
  5 kobolds
  3 quokkas
  8 ball pythons
  8 frilled lizards
  7 rats
101 creatures vanquished.

Notes
Turn   | Place    | Note
-------+----------+-------------------------------------------
     0 | D:5      | Reached skill level 9 in Stealth
     0 | D:5      | Ijustatesigmund the Gnoll Delver began the quest for the
                  | Orb.
     0 | D:5      | Reached XP level 1. HP: 23/23 MP: 1/1
    59 | D:5      | Reached XP level 2. HP: 16/29 MP: 1/3
    59 | D:5      | Reached XP level 3. HP: 20/35 MP: 1/4
   256 | D:5      | Reached skill level 1 in Invocations
   267 | D:5      | Reached skill level 1 in Short Blades
   267 | D:5      | Reached skill level 1 in Long Blades
   267 | D:5      | Reached skill level 1 in Maces & Flails
   267 | D:5      | Reached skill level 1 in Polearms
   267 | D:5      | Reached skill level 1 in Staves
   267 | D:5      | Reached skill level 1 in Slings
   267 | D:5      | Reached skill level 1 in Bows
   267 | D:5      | Reached skill level 1 in Crossbows
   267 | D:5      | Reached skill level 1 in Throwing
   267 | D:5      | Reached skill level 1 in Armour
   267 | D:5      | Reached skill level 1 in Shields
   267 | D:5      | Reached skill level 1 in Unarmed Combat
   267 | D:5      | Reached skill level 1 in Spellcasting
   267 | D:5      | Reached skill level 1 in Evocations
   368 | D:4      | Noticed a black bear
   525 | D:5      | Reached XP level 4. HP: 35/41 MP: 5/5
   679 | D:4      | Noticed a scorpion
   696 | D:5      | Killed a scorpion
   697 | D:5      | Reached skill level 1 in Conjurations
   697 | D:5      | Reached skill level 1 in Hexes
   697 | D:5      | Reached skill level 1 in Summonings
   697 | D:5      | Reached skill level 1 in Necromancy
   697 | D:5      | Reached skill level 1 in Translocations
   697 | D:5      | Reached skill level 1 in Transmutations
   697 | D:5      | Reached skill level 1 in Fire Magic
   697 | D:5      | Reached skill level 1 in Ice Magic
   697 | D:5      | Reached skill level 1 in Air Magic
   697 | D:5      | Reached skill level 1 in Earth Magic
   697 | D:5      | Reached skill level 1 in Poison Magic
   697 | D:5      | Reached XP level 5. HP: 19/47 MP: 5/7
   896 | D:5      | Found a transporter.
   897 | D:5      | Noticed a water moccasin
   899 | D:5      | Noticed an ogre
   900 | D:5      | Noticed MacCMillion's ghost (novice DjVM)
   902 | D:5      | Found a transporter.
  1384 | D:4      | Reached XP level 6. HP: 45/53 MP: 8/8
  1645 | D:3      | Found a basalt altar of Yredelemnul.
  1658 | D:3      | HP: 2/53 [gnoll (1)]
  2096 | D:3      | Found a faded altar of an unknown god.
  2428 | D:2      | Reached skill level 5 in Axes
  2428 | D:2      | Reached skill level 5 in Dodging
  3158 | D:1      | You fall into a shaft and drop 1 floor!
  3875 | D:2      | Killed a black bear
  3876 | D:2      | Reached XP level 7. HP: 12/59 MP: 10/10
  5648 | D:4      | Found Bicaroh's Bounteous Boutique.
  5705 | D:4      | Found a staircase to the Ecumenical Temple.
  5714 | D:4      | Gained mutation: You have hidden genetic defects. [potion
                  | of mutation]
  5714 | D:4      | Gained mutation: Your magical capacity is low. (-10% MP)
                  | [potion of mutation]
  5718 | Temple   | Entered the Ecumenical Temple
  6019 | Temple   | Became a worshipper of Cheibriados the Contemplative
  6412 | D:5      | HP: 3/60 [hornet zombie (3)]
  6413 | D:5      | Mangled by a hornet zombie

Illustrated notes

Levels and vault maps discovered:
D:1:      nzn_arrival_crosshair, layout_basic, kennysheep_crisscross,
          minmay_strange_pillars
D:2:      layout_loops_cross
D:3:      layout_loops_corners, overflow_temple_1_default,
          basic_ecumenical_altar
D:4:      layout_rooms, minmay_temple_entry_waves, nicolae_alphabet_shops
D:5:      layout_layer_cave, gammafunk_ghost_arena, minmay_holes,
          minmay_misc_feat_room, amcnicky_mini_rare_corridor_liquid
D:6:      layout_loops_ring, serial_shops, shop_fountains
Temple:   roderic_octagonal_lattice_temple

Skill      XL: |  1  2  3  4  5  6  7 |
---------------+----------------------+-----
Stealth        | |  9.9
Invocations    | 1 2 |  2.7
Short Blades   | 1 2 |  2.5
Long Blades    | 1 2 |  2.5
Maces & Flails | 1 2 |  2.5
Polearms       | 1 2 |  2.5
Staves         | 1 2 |  2.5
Slings         | 1 2 |  2.5
Bows           | 1 2 |  2.5
Crossbows      | 1 2 |  2.5
Throwing       | 1 2 |  2.5
Armour         | 1 2 |  2.5
Shields        | 1 2 |  2.5
Unarmed Combat | 1 2 |  2.5
Spellcasting   | 1 2 |  2.5
Evocations     | 1 2 |  2.5
Conjurations   | 1 2 |  2.0
Hexes          | 1 2 |  2.0
Summonings     | 1 2 |  2.0
Necromancy     | 1 2 |  2.0
Translocations | 1 2 |  2.0
Transmutations | 1 2 |  2.0
Fire Magic     | 1 2 |  2.0
Ice Magic      | 1 2 |  2.0
Air Magic      | 1 2 |  2.0
Earth Magic    | 1 2 |  2.0
Poison Magic   | 1 2 |  2.0
Axes           | 5 |  5.2
Dodging        | 5 |  5.2
Fighting       | 7 |  7.0

Action                   |  1- 3 |  4- 6 |  7- 9 || total
-------------------------+-------+-------+-------++-------
Melee: Hand axe          |    41 |   216 |   116 ||   373
       Bite              |     5 |    25 |    15 ||    45
       Punch             |       |     2 |     2 ||     4
Throw: Dart              |       |    21 |       ||    21
  Use: Potion            |       |     4 |     1 ||     5
       Scroll            |       |     5 |     5 ||    10
 Stab: Invisible         |       |     2 |       ||     2
       Sleeping          |       |    25 |     9 ||    34
Armor: Leather armour    |    10 |    40 |       ||    50
       Ring mail         |       |     6 |     2 ||     8
       Scale mail        |       |       |    16 ||    16
Dodge: Dodged            |    32 |   198 |   100 ||   330

Table legend: (Time is in decaauts)
 A = Elapsed time spent in this place.
 B = Non-inter-level travel time spent in this place.
 C = Inter-level travel time spent in this place.
 D = Time resting spent in this place.
 E = Time spent auto-exploring this place.
 F = Levels seen in this place.
 G = Mean time per level.
                   A        B        C        D        E       F      G
               +--------+--------+--------+--------+--------+-----+--------+
         Total |   6521 |   6241 |    280 |   2024 |   2885 |   7 |  931.6 |
       Dungeon |   6196 |   5975 |    221 |   2024 |   2642 |   6 | 1032.7 |
        Temple |    324 |    266 |     58 |      0 |    243 |   1 |  324.0 |
               +--------+--------+--------+--------+--------+-----+--------+

Top non-repeatable levels by time:
     D:3: 1837 daAuts
     D:5: 1350 daAuts
     D:2: 1317 daAuts
     D:4: 975 daAuts
     D:1: 709 daAuts
  Temple: 324 daAuts
     D:6: 7 daAuts
